 Dungeon Crawl Stone Soup version 0.30.1-11-g7821555f0a (webtiles) character file.

Game seed: 14763951142892308022

914 KittyFluff the Covered (level 8, 0/73 HPs)
             Began as a Gargoyle Berserker on Nov 1, 2023.
             Was an Elder of Trog.
             Slain by a wight
             ... wielding a +5 morningstar
              (13 damage)
             ... on level 4 of the Dungeon.
             The game lasted 00:17:52 (3822 turns).

KittyFluff the Covered (Gargoyle Berserker)         Turns: 3822, Time: 00:17:52

Health: 0/73       AC: 10    Str: 23    XL:     8   Next: 9%
Magic:  0/8        EV: 12    Int:  8    God:    Trog [****..]
Gold:   181        SH:  0    Dex:  9    Spells: 7/7 levels left

rFire   . . .        a - +0 mace
rCold   . . .        (no shield)
rNeg    + . .        w - +0 leather armour
rPois   ∞            v - +0 helmet
rElec   +            (no cloak)
rCorr   .            (no gloves)
SInv    .            (no boots)
Will    .....        n - amulet of guardian spirit Stlth
                     (no ring)
HPRegen 0.32/turn    (no ring)
MPRegen 0.11/turn

%: guardian spirit
@: berserking, very quick
A: sickness immunity, AC +5, negative energy resistance 1, electricity
resistance, torment resistance 1, petrification resistance
a: Renounce Religion, Berserk, Trog's Hand, Brothers in Arms


You were on level 4 of the Dungeon.
You worshipped Trog.
Trog was greatly pleased with you.
You visited 1 branch of the dungeon, and saw 4 of its levels.
You also visited: Sewer.

You collected 181 gold pieces.

Inventory:

Hand Weapons
 a - a +0 mace (weapon)
 j - a +0 sling
 y - a +2 whip of freezing
Missiles
 t - 4 javelins
 u - 17 poisoned darts (quivered)
 x - a curare-tipped dart
Armour
 v - a +0 helmet (worn)
 w - a +0 leather armour (worn)
Jewellery
 n - an amulet of guardian spirit (around neck)
Wands
 h - a wand of flame (16)
Scrolls
 b - a scroll of amnesia {unknown}
 c - a scroll of enchant armour {unknown}
 d - 2 scrolls of torment {unknown}
 e - 4 scrolls of identify {unknown}
 g - 2 scrolls of enchant weapon {unknown}
 k - 2 scrolls of poison {unknown}
 o - a scroll of blinking {unknown}
 s - a scroll of brand weapon {unknown}
Potions
 f - 3 potions of curing
 i - 4 potions of attraction {unknown}
 l - a potion of lignification {unknown}
 m - 3 potions of mutation {unknown}
 p - a potion of might {unknown}
 q - a potion of haste {unknown}
 r - a potion of degeneration {unknown}
 z - a potion of magic {unknown}
 A - a potion of cancellation {unknown}
 B - a potion of brilliance {unknown}


   Skills:
 + Level 5.1 Fighting
 * Level 6.0 Maces & Flails
 * Level 6.0 Armour
 + Level 3.3 Dodging


You had 7 spell levels left.
You didn't know any spells.
Your spell library was empty.

Dungeon Overview and Level Annotations

Branches:
Dungeon (4/15)              Sewer (visited)
 Temple: D:4-7

Altars:
Okawaru


Innate Abilities, Weirdness & Mutations

You are immune to sickness and miasma.
Your stone body is resilient. (AC +5)
You are immune to poison.
You resist negative energy. (rN+)
You are resistant to electric shocks. (rElec)
You are resistant to unholy torment.
You are immune to petrification.


Message History

You hit the wight.
The wight is heavily damaged.
The wight hits you with a +2 flail!
You barely miss the wight.
The wight is heavily damaged.
The wight barely misses you.
You hit the wight but do no damage.
The wight is heavily damaged.
The wight hits you but does no damage.
You hit the wight but do no damage. Your punch misses the wight.
The wight is heavily damaged.
The wight completely misses you.
You hit the wight.
The wight is heavily damaged.
The wight closely misses you.
You hit the wight but do no damage.
The wight is heavily damaged.
The wight hits you with a +2 flail. The wight barely misses you.
You hit the wight. You punch the wight.
The wight is almost destroyed.
The wight closely misses you.
You hit the wight.
The wight is almost destroyed.
The wight hits you with a +2 flail.
You hit the wight.
You destroy the wight!
Trog accepts your kill.
Your Maces & Flails skill increases to level 6!
Your Armour skill increases to level 6!
You hit the wight.
The wight is moderately damaged.
The wight hits you with a +5 morningstar.
You sock the wight!
The wight is severely damaged.
The wight hits you with a +5 morningstar!
* * * LOW HITPOINT WARNING * * *
A red film seems to cover your vision as you go berserk!
You feel yourself moving faster!
You feel mighty!
The wight hits you with a +5 morningstar!
You die...

#...... ..... #.#.. ...
###.... ## ##. ......
##.....# ...###... ......
#......# ...##..# .##...
#...!#.### ##.....# .....#
#..$_.z###..>..####......
#..#.#zz@.....<.##... #..
#...z.#.##...#......# #.
....z....###..# #.#))### ##
##...?#...##...#
##).##.###.
#....#####....###.......#..
#.... ##...##...........
.... #.......##.#.....
#......#####..... #.....##
#......


You could see 3 wights.

Vanquished Creatures
  Grinder (Sewer)
  An ogre (D:4)
  2 kobold brigands (Sewer)
  A necrophage (Sewer)
  2 wights (D:4)
  2 hounds (D:4)
  An orc wizard (D:4)
  Robin (D:3)
  6 adders
  3 shadow imps (Sewer)
  4 ufetubi (Sewer)
  3 dart slugs
  8 orcs (D:4)
  8 bats
  4 endoplasms
  9 giant cockroaches
  17 goblins
  8 hobgoblins
  4 jackals (D:3)
  28 kobolds
  2 quokkas (D:3)
  10 ball pythons
  3 frilled lizards
  A kobold zombie (Sewer)
  6 rats
135 creatures vanquished.

Notes
Turn   | Place    | Note
-------+----------+-------------------------------------------
     0 | D:1      | KittyFluff the Gargoyle Berserker began the quest for the
                  | Orb.
     0 | D:1      | Reached XP level 1. HP: 14/14 MP: 1/1
   233 | D:1      | Reached XP level 2. HP: 19/19 MP: 2/2
   673 | D:1      | Reached XP level 3. HP: 23/23 MP: 3/3
   836 | D:2      | Reached ** piety under Trog
  1234 | D:2      | Reached XP level 4. HP: 28/29 MP: 4/4
  1632 | D:3      | Found a faded altar of an unknown god.
  1803 | D:3      | Noticed Robin
  1848 | D:3      | Killed Robin
  2137 | D:3      | Reached XP level 5. HP: 30/33 MP: 5/5
  2178 | D:3      | Reached *** piety under Trog
  2258 | D:4      | Found a glowing drain.
  2267 | Sewer    | Entered a sewer
  2590 | Sewer    | Noticed a kobold brigand
  2613 | Sewer    | Killed a kobold brigand
  2614 | Sewer    | Reached XP level 6. HP: 26/38 MP: 1/6
  2740 | Sewer    | Noticed Grinder
  2760 | Sewer    | Paralysed by Grinder for 3 turns
  2768 | Sewer    | Paralysed by Grinder for 5 turns
  2776 | Sewer    | Killed Grinder
  2777 | Sewer    | Reached skill level 5 in Maces & Flails
  2777 | Sewer    | Reached skill level 5 in Armour
  2777 | Sewer    | Reached XP level 7. HP: 11/44 MP: 1/7
  3063 | Sewer    | Found an ancient bone altar of Kikubaaqudgha.
  3541 | D:4      | Reached **** piety under Trog
  3635 | D:4      | Reached skill level 5 in Fighting
  3795 | D:4      | Found an iron altar of Okawaru.
  3811 | D:4      | Reached XP level 8. HP: 26/49 MP: 4/8
  3822 | D:4      | Slain by a wight

Illustrated notes

Levels and vault maps discovered:
D:1:      elethiomel_arrival_infinity_welcomes_careful_drivers, layout_basic,
          dreamdust_princess_corridor
D:2:      layout_rooms, grunt_ministairs_1
D:3:      layout_basic, shapermc_ecumenical_altar_totnotflames, uniq_robin
D:4:      layout_cave_pools, lemuel_crystal_altar, portal_sewer_entry_f

Skill      XL: |  1  2  3  4  5  6  7  8 |
---------------+-------------------------+-----
Armour         | 3 4 5 6 |  6.0
Dodging        | 2 3 |  3.3
Maces & Flails | 4 5 6 |  6.0
Fighting       | 4 5 |  5.1

Action                     |  1- 3 |  4- 6 |  7- 9 || total
---------------------------+-------+-------+-------++-------
  Melee: Mace              |   132 |   296 |   147 ||   575
         Punch             |     1 |       |     1 ||     2
  Throw: Dart              |       |    11 |       ||    11
 Invoke: Berserk           |       |     2 |     2 ||     4
    Use: Potion            |       |     1 |       ||     1
 Armour: Animal skin       |    51 |    48 |       ||    99
         Leather armour    |       |   153 |    81 ||   234
  Dodge: Dodged            |    72 |   276 |    89 ||   437
